 Dungeon Crawl Stone Soup version 0.30.0-15-g856e2d3f33 (webtiles) character file.

Game seed: 12230290436971254565

175 RascalDebosk the Magician (level 5, -1/38 HPs)
             Began as a Djinni Conjurer on May 19, 2023.
             Was an Initiate of Ashenzari.
             Slain by a bullfrog (3 damage)
             ... in a sewer.
             The game lasted 00:25:03 (2634 turns).

RascalDebosk the Magician (Djinni Conjurer)         Turns: 2634, Time: 00:25:04

Health: -1/38      AC:  1    Str:  6    XL:     5   Next: 86%
Gold:   147        EV: 12    Int: 35    God:    Ashenzari [......] SH:  0 Dex: 14

rFire   + . .        v - +10 long sword of Pouxore {drain, *Corrode rF- rC+ Int+7}
rCold   . . .        (no shield)
rNeg    . . .        y - +1 robe "Xuahuda" {Fly Will+ Dex+3 Stlth+}
rPois   ∞            (no helmet)
rElec   .            r - +0 cloak
rCorr   .            d - +0 pair of gloves
SInv    .            (boots unavailable)
Will    +....        (no amulet)
Stlth   +++          x - +6 ring of intelligence
HPRegen 0.26/turn    (no ring)
MPRegen 0.00/turn

%: corrode self (3%), infuse magic (-2 HP)
@: corroded, flying
A: sickness immunity, fire resistance 2, cold vulnerability 1, float, innate
caster, HP casting, extra vitality 1
a: Renounce Religion


You were in a sewer.
You worshipped Ashenzari.
Ashenzari was noncommittal.
You visited 2 branches of the dungeon, and saw 5 of its levels.
You also visited: Sewer.

You collected 147 gold pieces.

Inventory:

Hand Weapons
 o - a +4 dagger
 v - the +10 long sword of Pouxore (weapon) {drain, *Corrode rF- rC+ Int+7}
   (You found it on level 3 of the Dungeon)

   Int:       It affects your intelligence (+7).
   rF:        It makes you vulnerable to fire.
   rC:        It protects you from cold.
   *Corrode:  It may corrode you when you take damage.
Armour
 a - a +0 robe
 d - a +0 pair of gloves (worn)
 r - a +0 cloak (worn)
 s - a +0 ring mail
 y - the +1 robe "Xuahuda" (worn) {Fly Will+ Dex+3 Stlth+}
   (You found it on level 3 of the Dungeon)

   Dex:       It affects your dexterity (+3).
   Fly:       It grants you flight.
   Will:      It increases your willpower.
   Stlth:     It makes you more stealthy.
Jewellery
 x - a +6 ring of intelligence (left hand)
 A - a +6 ring of strength
Scrolls
 b - 13 scrolls of identify {unknown}
 f - a scroll of enchant weapon {unknown}
 h - 3 scrolls of teleportation {unknown}
 j - 2 scrolls of vulnerability {unknown}
 k - a scroll of fear {unknown}
 l - a scroll of silence {unknown}
 q - a scroll of poison {unknown}
 t - 2 scrolls of noise {unknown}
 u - a scroll of amnesia {unknown}
 z - a scroll of blinking
 B - a scroll of immolation {unknown}
 C - a scroll of fog {unknown}
Potions
 c - a potion of magic {unknown}
 e - 3 potions of mutation {unknown}
 g - 2 potions of curing {unknown}
 i - a potion of brilliance {unknown}
 m - a potion of might {unknown}
 n - a potion of degeneration {unknown}
 p - a potion of heal wounds {unknown}
 w - a potion of haste {unknown}


   Skills:
 * Level 1.8 Fighting
 + Level 1.0 Long Blades
 - Level 2.1 Dodging
 - Level 1.5 Stealth
 * Level 4.8 Spellcasting


You knew the following spells:

 Your Spells              Type           Power      Damage    Failure   Level
a - Magic Dart            Conj           100%       1d8       1%          1
b - Searing Ray           Conj           84%        2d7       1%          2
c - Dazzling Flash        Conj/Hex       84%        N/A       1%          3
d - Fulminant Prism       Conj/Hex       21%        3d12      6%          4
e - Iskenderun's Mystic   Conj/Tloc      42%        2d10      6%          4
f - Kiss of Death         Conj/Necr      100%       2d13      1%          1
g - Blink                 Tloc           84%        N/A       1%          2
Your spell library was empty.

Dungeon Overview and Level Annotations

Branches:
Dungeon (4/15)             Temple (1/1) D:4           Sewer (1/1)

Altars:
Ashenzari
Dithmenos
Hepliaklqana
Makhleb
Wu Jian
Yredelemnul
Zin
The Shining One


Innate Abilities, Weirdness & Mutations

You are immune to sickness and miasma.
You are immune to poison.
Your flesh is very heat resistant. (rF++)
You are vulnerable to cold. (rC-)
You float through the air rather than walking.
You learn spells naturally, not from books.
Your magical power is your life essence.
You have superior vitality. (+4 MHP)


Message History

You see here a frilled lizard corpse.
You see here a frilled lizard corpse.
A quokka comes into view.
The frilled lizard hisses angrily. x2
A quokka comes into view.
The frilled lizard closely misses you.
You miss the frilled lizard. The frilled lizard misses you.
You slash the frilled lizard!
You kill the frilled lizard!
The frilled lizard closely misses you.
You slash the frilled lizard!
You kill the frilled lizard!
The quokka twitches its whiskers.
The quokka barely misses you.
You slash the quokka!
You kill the quokka!
The quokka bites you.
You hit the quokka.
The quokka is severely wounded.
The quokka bites you.
You slash the quokka!
You kill the quokka!
Things that are here:
a quokka corpse; a frilled lizard corpse; a frilled lizard corpse A ball python comes into view.
The ball python hisses angrily.
You slash the ball python!
You kill the ball python!
You see here a ball python corpse.
A frilled lizard and a quokka come into view.
The frilled lizard closely misses you.
The frilled lizard attacks as you move away!
The frilled lizard bites you but does no damage.
You miss the frilled lizard.
The frilled lizard bites you but does no damage.
The frilled lizard closely misses you.
You closely miss the frilled lizard. The frilled lizard barely misses you.
You closely miss the frilled lizard. The frilled lizard closely misses you.
You slash the frilled lizard!
You kill the frilled lizard!
You barely miss the quokka. The quokka barely misses you.
You slash the quokka!
You kill the quokka!
You see here a frilled lizard corpse.
Found a gate leading back out of this place.
A frilled lizard comes into view.
Found a scroll labelled NAGRELESOT and 2 stones.
Found a green potion, a sedimented brown potion and 3 scrolls of blinking.
Found a sapphire potion.
A bullfrog comes into view.
The bullfrog croaks.
The quokka bites you but does no damage.
The quokka barely misses you.
You slash the quokka!
You kill the quokka!
A bullfrog comes into view.
You closely miss the bullfrog. The bullfrog hits you. x2
You slash the bullfrog! You drain the bullfrog.
The bullfrog is severely wounded.
The bullfrog hits you.
The bullfrog hits you but does no damage.
You barely miss the bullfrog.
The bullfrog is severely wounded.
The bullfrog hits you. The bullfrog barely misses you.
You barely miss the bullfrog.
The bullfrog is severely wounded.
The bullfrog hits you.
The bullfrog hits you but does no damage.
You closely miss the bullfrog.
The bullfrog is severely wounded.
The bullfrog closely misses you. The bullfrog hits you.
Your corrosive artefact corrodes you!
You barely miss the bullfrog.
The bullfrog is severely wounded.
The bullfrog hits you. x2; The bullfrog closely misses you.
The bullfrog hits you!
* * * LOW HITPOINT WARNING * * *
Casting: Magic Dart (safe; 1% risk of failure)
Confirm with . or Enter, or press ? or * to list all spells.
The spell is quite dangerous to miscast (6% risk of failure)!
Continue anyway?
Okay, then.
Casting: Fulminant Prism (quite dangerous; 6% risk of failure)
Confirm with . or Enter, or press ? or * to list all spells.
The spell is quite dangerous to miscast (6% risk of failure)!
Continue anyway?
You erupt in a blast of force!
The mystic blast hits the bullfrog!
The bullfrog is heavily wounded.
The bullfrog is knocked back by the mystic blast.
The mystic blast hits the bullfrog.
The bullfrog is almost dead.
The bullfrog is knocked back by the mystic blast.
* * * LOW HITPOINT WARNING * * *
You hear an angry hiss. x2
The bullfrog hits you!
* * * LOW HITPOINT WARNING * * *
You slash the bullfrog!
You kill the bullfrog!
The bullfrog closely misses you.
A frilled lizard comes into view.
The bullfrog hits you.
You die...

#.#
#≈≈≈≈~~.≈≈≈≈≈.~≈~.#
#∩# #.#
#≈≈≈≈~.!~≈≈≈≈~ #.#
#.# #≈≈≈≈.!!?.≈≈≈~
#∩# #.#
#≈≈≈≈≈?(~~≈≈≈≈ #.#
#.# #≈≈≈≈≈~~~..≈≈~
### #.#
#≈≈≈≈..~~.~≈~≈ #.#
#≈≈~†~..~~≈~≈ #~#
#≈~∩.F~≈~~≈≈~ #~#
#≈≈~.@≈≈~l≈≈~ #~#
##≈~≈≈≈~≈≈≈≈~ #†#
#≈≈≈≈~≈≈≈≈≈~ #~#
##≈≈~≈≈≈≈≈≈.
#~########≈≈~≈~~~~.
#~.~~.~≈≈≈≈≈~~~~..l
#~~~≈~≈≈≈≈≈~~~~~~~~
#.~≈≈≈≈≈≈≈≈≈≈≈≈≈≈≈≈
#.~~~~~~~~~~~~~~~~~


You could see a bullfrog (drained) and 2 frilled lizards.

Vanquished Creatures
  A bullfrog (Sewer)
  A hound (D:4)
  5 adders
  A white imp (D:4)
  3 worms
  3 dart slugs
  An orc (D:4)
  4 bats
  6 endoplasms
  7 giant cockroaches
  8 goblins
  3 hobgoblins
  2 jackals (D:1)
  8 quokkas
  7 ball pythons
  9 frilled lizards
  6 kobolds
  4 rats
79 creatures vanquished.

Vanquished Creatures (others)
  A fulminant prism (D:2)
1 creature vanquished.

Grand Total: 80 creatures vanquished

Notes
Turn   | Place    | Note
-------+----------+-------------------------------------------
     0 | D:1      | RascalDebosk the Djinni Conjurer began the quest for the
                  | Orb.
     0 | D:1      | RascalDebosk set off with the following spells memorised:
                  | Magic Dart, Searing Ray, Dazzling Flash, Fulminant Prism,
                  | Iskenderun's Mystic Blast.
     0 | D:1      | Reached XP level 1. HP: 15/15 MP: 0/0
   250 | D:1      | Reached XP level 2. HP: 19/21 MP: 0/0
   693 | D:1      | Reached XP level 3. HP: 24/25 MP: 0/0
   693 | D:1      | Learned a level 1 spell: Kiss of Death
  1197 | D:2      | Reached skill level 4 in Spellcasting
  1292 | D:2      | Reached XP level 4. HP: 24/31 MP: 0/0
  1520 | D:2      | You are sucked into a shaft and drop 1 floor!
  1713 | D:3      | Identified the +10 long sword of Pouxore {drain, *Corrode
                  | rF- rC+ Int+7}
  1773 | D:3      | Identified the +1 robe "Xuahuda" {Fly Will+ Dex+3 Stlth+}
  2026 | D:4      | Found a staircase to the Ecumenical Temple.
  2035 | D:4      | Reached XP level 5. HP: 29/36 MP: 0/0
  2035 | D:4      | Learned a level 2 spell: Blink
  2047 | Temple   | Entered the Ecumenical Temple
  2126 | Temple   | Became a worshipper of Ashenzari the Shackled
  2168 | D:4      | Reached skill level 1 in Fighting
  2255 | D:4      | Found a basalt altar of Yredelemnul.
  2481 | D:4      | Found a glowing drain.
  2485 | Sewer    | Entered a sewer
  2552 | Sewer    | Reached skill level 1 in Long Blades
  2624 | Sewer    | Noticed a bullfrog
  2625 | Sewer    | Noticed a bullfrog
  2633 | Sewer    | HP: 1/38 [bullfrog (8)]
  2634 | Sewer    | Killed a bullfrog
  2634 | Sewer    | Slain by a bullfrog

Illustrated notes

Levels and vault maps discovered:
D:1:      sevenhm_arrival_forest_fort_large_2, layout_loops_ring,
          hangedman_feature_mirror, moated_statue, chequers_arboretum
D:2:      layout_loops_ring
D:3:      layout_rooms, mainiacjoe_overflow_brackets
D:4:      layout_loops_ring, kennysheep_mini_moat,
          minmay_temple_entry_large_hall, gup_sewer_entry_spiral
Temple:   nicolae_temple_superstar
Sewer:    sewer_frog_island_01

Skill      XL: |  1  2  3  4  5 |
---------------+----------------+-----
Spellcasting   | 4 |  4.8
Fighting       | 1 |  1.8
Long Blades    | 1 |  1.0
Dodging        | |  2.1
Stealth        | |  1.5

Action                     |  1- 3 |  4- 6 || total
---------------------------+-------+-------++-------
  Melee: Dagger            |     1 |       ||     1
         Long sword        |       |    49 ||    49
   Cast: Magic Dart        |    56 |    38 ||    94
         Searing Ray       |     1 |     6 ||     7
         Fulminant Prism   |       |     1 ||     1
         Iskenderun's Myst |       |     1 ||     1
   Stab: Sleeping          |     1 |     5 ||     6
 Armour: Robe              |     1 |     9 ||    10
  Dodge: Dodged            |     8 |    32 ||    40
